[Event "2nd Yerevan Open"]
[Site "?"]
[Date "2017.09.26"]
[Round "8.1"]
[White "Petrosian, Tigran L"]
[Black "Grigoryan, Karen H"]
[Result "0-1"]
[ECO "A00"]
[WhiteElo "2615"]
[BlackElo "2568"]
[PlyCount "82"]
[EventDate "2017.??.??"]
[TimeControl "5400+2060"]
[WhiteClock "0:30:33"]
[BlackClock "0:47:10"]

1. g3 g6 2. Bg2 Bg7 3. Nf3 c5 4. c4 Nf6 5. Nc3 O-O 6. O-O d5 7. d3 d4 8. Na4
Nfd7 9. a3 Nc6 10. Bd2 Rb8 11. b4 b6 12. Rb1 Qc7 13. e4 cxb4 14. axb4 a5 15.
Qc2 Nxb4 16. Bxb4 axb4 17. Qd2 b5 18. cxb5 Rxb5 19. Rxb4 Rxb4 20. Qxb4 Ba6 21.
Qd2 Rc8 22. Rb1 Qc6 23. Nb2 Qc3 24. Ra1 Ne5 25. Rd1 Qxd2 26. Rxd2 Rc1+ 27. Rd1
Rxd1+ 28. Nxd1 Nxf3+ 29. Bxf3 Bxd3 30. Nb2 Bb5 31. Kg2 e6 32. h4 Kf8 33. h5 Ke7
34. hxg6 hxg6 35. Bg4 Kd6 36. f4 d3 37. Nd1 Kc5 38. f5 gxf5 39. exf5 e5 40. Nc3
Bc4 41. f6 Bf8 0-1

[Event "2nd Yerevan Open"]
[Site "?"]
[Date "2017.09.26"]
[Round "8.2"]
[White "Hovhannisyan, Robert"]
[Black "Mikaelyan, Arman"]
[Result "1-0"]
[ECO "C96"]
[WhiteElo "2594"]
[BlackElo "2474"]
[PlyCount "87"]
[EventDate "2017.??.??"]
[TimeControl "6000+905"]
[WhiteClock "0:36:29"]
[BlackClock "0:27:48"]

1. e4 e5 2. Nf3 Nc6 3. Bb5 a6 4. Ba4 Nf6 5. O-O Be7 6. Re1 b5 7. Bb3 d6 8. c3
O-O 9. h3 Na5 10. Bc2 c5 11. d4 Nd7 12. a4 Rb8 13. axb5 axb5 14. d5 c4 15. Be3
Qc7 16. Nbd2 b4 17. cxb4 Rxb4 18. Ra3 Nc5 19. Qa1 Bd8 20. Rc1 Bd7 21. Qa2 Qb6
22. b3 cxb3 23. Bxb3 Naxb3 24. Nxb3 Rxb3 25. Bxc5 Rxa3 26. Bxa3 Qa6 27. Qb3 f6
28. Nd2 Re8 29. Nc4 Be7 30. Qb6 Qxb6 31. Nxb6 Bb5 32. Nc8 Bd3 33. Bxd6 Bd8 34.
Bb4 f5 35. Nd6 Bg5 36. Rc3 Rb8 37. Rxd3 Rxb4 38. Rc3 h5 39. Rc8+ Kh7 40. exf5
Bf6 41. Ne8 Rd4 42. Rc6 Bg5 43. Rc7 Kh6 44. Rxg7 1-0

[Event "2nd Yerevan Open"]
[Site "?"]
[Date "2017.09.26"]
[Round "8.3"]
[White "Tabatabaei, M.Amin"]
[Black "Pashikian, Arman"]
[Result "1-0"]
[ECO "E20"]
[WhiteElo "2548"]
[BlackElo "2592"]
[PlyCount "47"]
[EventDate "2017.??.??"]
[TimeControl "6000+1620"]
[WhiteClock "0:27:10"]
[BlackClock "0:04:01"]

1. d4 Nf6 2. c4 e6 3. Nc3 Bb4 4. f3 c5 5. d5 O-O 6. e4 b5 7. Nh3 bxc4 8. Bxc4
exd5 9. Bxd5 Nxd5 10. Qxd5 Ba6 11. Bf4 Qb6 12. Kf2 Nc6 13. Rhd1 Ba5 14. Rab1
Nb4 15. Qh5 Bd3 16. Rbc1 d5 17. a3 Nc6 18. Nxd5 Qxb2+ 19. Kg3 Nd4 20. Ne7+ Kh8
21. Rxc5 Ne2+ 22. Kg4 Bxe4 23. fxe4 Nc3 24. Qxh7+ 1-0

[Event "2nd Yerevan Open"]
[Site "?"]
[Date "2017.09.26"]
[Round "8.4"]
[White "Gabuzyan, Hovhannes"]
[Black "Kislinsky, Alexey"]
[Result "1-0"]
[ECO "A04"]
[WhiteElo "2573"]
[BlackElo "2505"]
[PlyCount "69"]
[EventDate "2017.??.??"]
[TimeControl "6000+620"]
[WhiteClock "0:50:29"]
[BlackClock "0:23:18"]

1. Nf3 g6 2. c4 Bg7 3. Nc3 d6 4. d4 c5 5. d5 Nf6 6. e4 O-O 7. h3 e6 8. Bd3 Na6
9. O-O e5 10. a3 Ne8 11. Ne1 f5 12. f4 exf4 13. exf5 Bxf5 14. Bxf4 Nac7 15. Qd2
b5 16. cxb5 Qd7 17. a4 Bxd3 18. Nxd3 Nf6 19. Rad1 Nh5 20. Bh2 Bd4+ 21. Kh1 Nf6
22. b4 Ncxd5 23. Nxd5 Nxd5 24. Qa2 Rxf1+ 25. Rxf1 Qe6 26. Re1 Qf7 27. Bxd6 cxb4
28. Bxb4 Nxb4 29. Qxf7+ Kxf7 30. Nxb4 Bc3 31. Rb1 Bxb4 32. Rxb4 a6 33. b6 a5
34. Rb5 Ke6 35. Rxa5 1-0

[Event "2nd Yerevan Open"]
[Site "?"]
[Date "2017.09.26"]
[Round "8.5"]
[White "Korneev, Oleg"]
[Black "Aitbayev, Aslan"]
[Result "1/2-1/2"]
[ECO "B07"]
[WhiteElo "2550"]
[BlackElo "2427"]
[PlyCount "39"]
[EventDate "2017.??.??"]
[TimeControl "6000+2015"]
[WhiteClock "0:25:59"]
[BlackClock "0:26:18"]

1. e4 d6 2. d4 Nf6 3. Nc3 g6 4. Be3 c6 5. Qd2 b5 6. Bd3 Bg7 7. h3 Nbd7 8. Nf3
O-O 9. O-O Bb7 10. e5 Ne8 11. Bh6 c5 12. Bxg7 Nxg7 13. Be4 Bxe4 14. Nxe4 cxd4
15. exd6 e5 16. c3 f5 17. Ng3 Qf6 18. cxd4 e4 19. Ne5 Qxd6 20. Nxd7 1/2-1/2

[Event "2nd Yerevan Open"]
[Site "?"]
[Date "2017.09.26"]
[Round "8.6"]
[White "Melkumyan, Hrant"]
[Black "Petrosyan, Manuel"]
[Result "1/2-1/2"]
[ECO "E01"]
[WhiteElo "2642"]
[BlackElo "2559"]
[PlyCount "83"]
[EventDate "2017.??.??"]
[TimeControl "6000+1040"]
[WhiteClock "0:14:15"]
[BlackClock "0:31:22"]

1. d4 Nf6 2. c4 e6 3. g3 d5 4. Bg2 Bb4+ 5. Nd2 O-O 6. Ngf3 dxc4 7. a3 Bxd2+ 8.
Bxd2 Nc6 9. e3 Ne4 10. Qc2 Nxd2 11. Nxd2 e5 12. d5 Na5 13. Nxc4 Nxc4 14. Qxc4
Bf5 15. O-O Qd6 16. Rfc1 Rfc8 17. Rc3 Bd7 18. Rac1 c6 19. dxc6 Bxc6 20. Qb5
Rab8 21. Bxc6 bxc6 22. Rxc6 Rxc6 23. Qxc6 Qxc6 24. Rxc6 a5 25. Kf1 h5 26. Rc2
Kh7 27. Ke2 Kg6 28. Kd3 f6 29. f4 exf4 30. gxf4 Rb3+ 31. Ke4 f5+ 32. Kd4 h4 33.
h3 a4 34. Rc6+ Kh7 35. Rc2 g6 36. Re2 Kg7 37. Rh2 Kf6 38. Rg2 Kf7 39. Rh2 Kf6
40. Rc2 Kg7 41. Rc7+ Kh6 42. Rc2 1/2-1/2

[Event "2nd Yerevan Open"]
[Site "?"]
[Date "2017.09.26"]
[Round "8.7"]
[White "Rozum, Ivan"]
[Black "Harutyunian, Tigran K"]
[Result "1-0"]
[ECO "A06"]
[WhiteElo "2590"]
[BlackElo "2520"]
[PlyCount "77"]
[EventDate "2017.??.??"]
[TimeControl "6000+1465"]
[WhiteClock "0:25:49"]
[BlackClock "0:00:52"]

1. Nf3 d5 2. g3 Nf6 3. Bg2 e6 4. O-O Be7 5. d3 O-O 6. c4 c5 7. cxd5 exd5 8. d4
Nc6 9. Nc3 Re8 10. Bg5 h6 11. Bxf6 Bxf6 12. dxc5 Bxc3 13. bxc3 Qa5 14. Qxd5 Be6
15. Qd3 Qxc5 16. Rfe1 Red8 17. Qc2 Rac8 18. Qb2 b6 19. Red1 Rxd1+ 20. Rxd1 Ne5
21. Nd4 Bd7 22. Nb3 Qc7 23. Bd5 Bh3 24. Rc1 Rd8 25. Bh1 Nc4 26. Qc2 Na3 27. Qb2
Nc4 28. Qa1 Bg4 29. Nd4 Re8 30. Qb1 a6 31. Qb4 Bxe2 32. Re1 Qd8 33. Bc6 Re5 34.
f4 a5 35. Qb3 a4 36. Qxa4 b5 37. Qa8 Qxa8 38. Bxa8 Re8 39. Bc6 1-0

[Event "2nd Yerevan Open"]
[Site "?"]
[Date "2017.09.26"]
[Round "8.8"]
[White "Torosyan, Norayr"]
[Black "Aleksandrov, Aleksej"]
[Result "0-1"]
[ECO "C84"]
[WhiteElo "2404"]
[BlackElo "2580"]
[PlyCount "106"]
[EventDate "2017.??.??"]
[TimeControl "6000+1150"]
[WhiteClock "0:02:26"]
[BlackClock "0:17:12"]

1. e4 e5 2. Nf3 Nc6 3. Bb5 a6 4. Ba4 Nf6 5. O-O Be7 6. d3 b5 7. Bb3 d6 8. a3
Na5 9. Ba2 c5 10. Nh4 Nc6 11. f4 O-O 12. fxe5 dxe5 13. Nf5 Bxf5 14. exf5 c4 15.
Be3 e4 16. dxe4 Qxd1 17. Rxd1 Nxe4 18. Nd2 Nf6 19. Nf3 Rfe8 20. Bf2 Ne4 21. Rd5
Bf6 22. c3 Ne7 23. Rd7 Nxf5 24. Re1 Nxf2 25. Kxf2 Rxe1 26. Nxe1 Re8 27. Bb1 Ne3
28. Nf3 h5 29. Kg3 g5 30. h3 g4 31. hxg4 hxg4 32. Nd4 Be5+ 33. Kh4 g3 34. Nf5
Bf4 35. Nxg3 Nxg2+ 36. Kg4 Bxg3 37. Kxg3 Re2 38. Ra7 Ne1 39. Rxa6 Rxb2 40. Be4
Rb3 41. Kf4 Rxc3 42. Rb6 Rxa3 43. Rxb5 Nd3+ 44. Kf5 Kg7 45. Bd5 c3 46. Rb7 Ra5
47. Rxf7+ Kh6 48. Rf6+ Kh5 49. Ke4 c2 50. Bf7+ Kh4 51. Rh6+ Kg3 52. Rg6+ Kf2
53. Rf6+ Ke1 0-1

[Event "2nd Yerevan Open"]
[Site "?"]
[Date "2017.09.26"]
[Round "8.9"]
[White "Ter-Sahakyan, Samvel"]
[Black "Davtyan, Artur"]
[Result "1-0"]
[ECO "C49"]
[WhiteElo "2577"]
[BlackElo "2303"]
[PlyCount "71"]
[EventDate "2017.??.??"]
[TimeControl "5400+1865"]
[WhiteClock "0:04:29"]
[BlackClock "0:03:23"]

1. e4 e5 2. Nf3 Nc6 3. Bb5 Nf6 4. Nc3 Bb4 5. O-O O-O 6. d3 d6 7. Ne2 Ba5 8. Ng3
Ne7 9. c3 c6 10. Ba4 Ng6 11. d4 Re8 12. Bc2 d5 13. Bg5 exd4 14. cxd4 dxe4 15.
Nxe4 Bf5 16. Nc5 Bc8 17. Qd3 Qd6 18. Bxf6 Qxf6 19. Ne5 Bb6 20. f4 Rd8 21. b4
Be6 22. Qe3 Bf5 23. Bb3 Re8 24. Rae1 Rad8 25. Bxf7+ Qxf7 26. Nxf7 Rxe3 27. Nxd8
Rxe1 28. Rxe1 Kf8 29. Ndxb7 Bc7 30. Ne6+ Bxe6 31. Rxe6 Nxf4 32. Rxc6 Bb6 33.
Nc5 Ne2+ 34. Kf1 Nxd4 35. Ne6+ Nxe6 36. Rxe6 1-0

[Event "2nd Yerevan Open"]
[Site "?"]
[Date "2017.09.26"]
[Round "8.10"]
[White "Sandipan, Chanda"]
[Black "Hakobyan, Romik"]
[Result "1/2-1/2"]
[ECO "D02"]
[WhiteElo "2570"]
[BlackElo "1927"]
[PlyCount "77"]
[EventDate "2017.??.??"]
[TimeControl "6000+1300"]
[WhiteClock "0:01:41"]
[BlackClock "0:03:08"]

1. d4 d5 2. Nf3 Nf6 3. Bf4 c5 4. e3 e6 5. c3 Nc6 6. Nbd2 Bd6 7. Bg3 Qe7 8. Ne5
Nd7 9. f4 O-O 10. Bd3 f5 11. h4 Nf6 12. h5 Ne4 13. Bh4 Qe8 14. g4 c4 15. Nxe4
fxe4 16. Be2 Nxe5 17. dxe5 Bc5 18. Qd2 b5 19. b4 Bb6 20. h6 g6 21. a4 a5 22.
axb5 Qxb5 23. O-O Bd7 24. Rfb1 axb4 25. Rxa8 Rxa8 26. Rxb4 Qc5 27. Bf2 Ra4 28.
Rb1 Ra5 29. Bf1 Rb5 30. Ra1 Bc6 31. Bh3 Qf8 32. g5 Qe7 33. Qd1 Kf7 34. Rb1 Rxb1
35. Qxb1 Qc5 36. Qd1 Bd7 37. Qa1 Qc6 38. Qb2 Bc5 39. Bg4 1/2-1/2

[Event "2nd Yerevan Open"]
[Site "?"]
[Date "2017.09.26"]
[Round "8.11"]
[White "Gabrielian, Artur"]
[Black "Martirosyan, Haik M"]
[Result "1/2-1/2"]
[ECO "C50"]
[WhiteElo "2501"]
[BlackElo "2570"]
[PlyCount "47"]
[EventDate "2017.??.??"]
[TimeControl "6000+815"]
[WhiteClock "0:33:20"]
[BlackClock "0:39:11"]

1. e4 e5 2. Nf3 Nc6 3. Bc4 Bc5 4. d3 Nf6 5. c3 O-O 6. Bg5 h6 7. Bh4 Be7 8. Nbd2
Nh5 9. Bg3 Nxg3 10. hxg3 d6 11. Qe2 Bf6 12. a3 Ne7 13. Nf1 c6 14. Ne3 d5 15.
Ba2 Be6 16. Nh2 Bg5 17. Nf3 Bxe3 18. Qxe3 Ng6 19. O-O Re8 20. Rfe1 dxe4 21.
dxe4 Bxa2 22. Rxa2 Qb6 23. Qxb6 axb6 24. Raa1 1/2-1/2

[Event "2nd Yerevan Open"]
[Site "?"]
[Date "2017.09.26"]
[Round "8.12"]
[White "Moskalenko, Alexander"]
[Black "Hayrapetyan, Artavazd R"]
[Result "1/2-1/2"]
[ECO "A11"]
[WhiteElo "2531"]
[BlackElo "2346"]
[PlyCount "164"]
[EventDate "2017.??.??"]
[TimeControl "6000+1825"]
[WhiteClock "0:16:34"]
[BlackClock "0:18:00"]

1. c4 c6 2. Nf3 d5 3. g3 Nf6 4. Bg2 e6 5. O-O Be7 6. d4 O-O 7. Nc3 Nbd7 8. Nd2
b6 9. e4 Bb7 10. e5 Ne8 11. cxd5 cxd5 12. h4 b5 13. Nf3 b4 14. Ne2 h6 15. Nf4
Rc8 16. Be3 Nc7 17. Nh2 Re8 18. Nh5 Bf8 19. Ng4 Ba6 20. Re1 Kh8 21. Qd2 Qe7 22.
Bf1 Bxf1 23. Rxf1 Red8 24. Kg2 Ne8 25. Bg5 hxg5 26. hxg5 Kg8 27. Ngf6+ Ndxf6
28. gxf6 Nxf6 29. exf6 gxf6 30. Qf4 f5 31. Qe5 f6 32. Nxf6+ Kf7 33. Nh5 Qg5 34.
Nf4 Qf6 35. Qe2 Bd6 36. Qh5+ Kg7 37. Qf3 Kf7 38. Rh1 Rh8 39. Rae1 Rxh1 40. Rxh1
Rh8 41. Rxh8 Qxh8 42. Qe3 Qf6 43. Nd3 a5 44. b3 Qh8 45. Ne1 Be7 46. Nf3 Bf6 47.
Qc1 Qd8 48. Qc5 Ke8 49. Kf1 Kd7 50. Qb5+ Kd6 51. Qc5+ Kd7 52. Ke2 Qc7 53. Qxc7+
Kxc7 54. Ke3 Kd6 55. Ne1 Bg5+ 56. Ke2 Bd8 57. Kd3 Ke7 58. Ke3 Kf6 59. Nd3 Bc7
60. Nc5 Ke7 61. Nd3 Kf6 62. Nf4 Bb6 63. Kd3 Bc7 64. Ne2 Kg5 65. f3 Bb8 66. Kd2
Bc7 67. Ke1 Bd6 68. Kf2 Bc7 69. Kg2 Bb8 70. Kh3 Bc7 71. Kg2 Bb8 72. Kf2 Ba7 73.
Kg2 Bb8 74. f4+ Kg4 75. Kf2 Ba7 76. Kg2 Bb6 77. Kf2 Bc7 78. Kg2 Bd6 79. Kf2 Bb8
80. Kg2 Ba7 81. Kf2 Bb8 82. Kg2 Bd6 1/2-1/2